Match 38463766
Unlisted

Match 38463766
End
Selects Australian Defense Battlegroup
Royal Engineer Section
Selects Australian Light Infantry Section
Australian Light Infantry Section
Australian Light Infantry Section
Construct Section Command Post
Infantry Section
Grenade Package
Construct Platoon Command Post
Selects CMP 15cwt Supply Run
Humber Armored Car
Construct Field Infirmary
Unlock M3 Stuart Light Tanks
M3 Stuart Light Tank
Selects 2-pounder Anti-tank Gun Team
Vickers Machine Gun Team
Royal Engineer Section
Selects Hold the Line!
M3 Stuart Light Tank
Construct Company Command Post
2-pounder Anti-tank Gun Team
Foot Guards Section
Crusader II Medium Tank
BIOHAZARD
tanne455
0
0

Comments sign in to comment!

No comments posted yet!